 Dungeon Crawl Stone Soup version 0.31-a0-675-g238779eb0a (webtiles) character file.

Game seed: 11973881765210970923

8818 IndexError the Fighter (level 11, -7/80 HPs)
             Began as a Djinni Conjurer on Sept 4, 2023.
             Was a Believer of Hepliaklqana.
             Mangled by a ten-headed hydra (9 damage)
             ... on level 11 of the Dungeon on Sept 5, 2023.
             The game lasted 00:17:13 (11913 turns).

IndexError the Fighter (Djinni Conjurer)           Turns: 11913, Time: 00:17:14

Health: -7/80      AC: 10    Str: 10    XL:     11   Next: 62%
Gold:   468        EV: 10    Int: 25    God:    Hepliaklqana [**....] SH:  0 Dex: 11

rFire   + + .        b - +6 short sword of a Billion Gods {flame, Str+4}
rCold   x . .        (no shield)
rNeg    . . .        k - +3 ring mail
rPois   ∞            H - +0 helmet
rElec   .            l - +0 cloak
rCorr   .            (no gloves)
SInv    .            (boots unavailable)
Will    +....        (no amulet)
Stlth   +            (no ring)
HPRegen 0.33/turn    (no ring)
MPRegen 0.00/turn

%: infuse magic (-8 HP)
@: flying, very slightly contaminated
A: reduced essence, sickness immunity, fire resistance 2, cold vulnerability 1,
float, innate caster, HP casting, extra vitality 1
a: Renounce Religion, Recall Ancestor, Ancestor Identity


You were on level 11 of the Dungeon.
You worshipped Hepliaklqana.
Hepliaklqana was pleased with you.
You visited 2 branches of the dungeon, and saw 12 of its levels.

You collected 468 gold pieces.

Inventory:

Hand Weapons
 b - the +6 short sword of a Billion Gods (weapon) {flame, Str+4}
   (You found it on level 2 of the Dungeon)

   Str+4:     It affects your strength (+4).
Missiles
 g - 3 javelins
 A - 2 throwing nets {=f, !d}
Armour
 k - a +3 ring mail (worn)
   (You found it on level 4 of the Dungeon)
 l - a +0 cloak (worn)
   (You found it on level 4 of the Dungeon)
 u - the +1 ring mail of Bibiorphe {rElec rPois}
   (You found it on level 6 of the Dungeon)

   rElec:     It insulates you from electricity.
   rPois:     It protects you from poison
 H - a +0 helmet (worn)
   (You found it on level 9 of the Dungeon)
 I - +0 acid dragon scales
   (You found it on level 9 of the Dungeon)
Jewellery
 i - a +6 ring of strength
   (You found it on level 3 of the Dungeon)
 t - an amulet of faith {Faith, !P}
   (You found it on level 5 of the Dungeon)
Wands
 n - a wand of iceblast (18)
   (You found it on level 4 of the Dungeon)
 w - a wand of digging (14)
   (You found it on level 6 of the Dungeon)
 x - a wand of flame (26)
   (You took it off an orc on level 6 of the Dungeon)
Scrolls
 c - 2 scrolls of noise {unknown}
 d - 7 scrolls of identify {unknown}
 f - 3 scrolls of poison {unknown}
 h - 4 scrolls of revelation {unknown}
 j - 3 scrolls of enchant armour {unknown}
 p - a scroll of brand weapon {unknown}
 v - a scroll of amnesia {unknown}
 y - 3 scrolls of teleportation {unknown}
 z - a scroll of immolation {unknown}
 B - a scroll of acquirement {unknown}
 C - 2 scrolls of enchant weapon {unknown}
Potions
 a - a potion of berserk rage {unknown}
 e - 3 potions of invisibility {unknown}
 m - a potion of cancellation {unknown}
 o - a potion of enlightenment {unknown}
 q - 4 potions of degeneration {unknown}
 r - 3 potions of brilliance {unknown}
 s - 2 potions of ambrosia {unknown}
 D - 3 potions of might {unknown}
 E - 2 potions of curing {unknown}
 F - 2 potions of heal wounds {unknown}
 G - a potion of magic {unknown}


   Skills:
 + Level 12.2 Fighting
 - Level 2.1 Dodging
 - Level 1.5 Stealth
 + Level 9.9 Spellcasting
 + Level 9.9 Conjurations
 + Level 9.9 Hexes
 + Level 9.9 Summonings
 + Level 9.9 Necromancy
 + Level 9.9 Translocations
 + Level 9.9 Transmutations
 + Level 9.9 Fire Magic
 + Level 9.9 Ice Magic
 + Level 9.9 Air Magic
 + Level 9.9 Earth Magic
 + Level 9.9 Poison Magic


You knew the following spells:

 Your Spells              Type           Power      Damage    Failure   Level
a - Magic Dart            Conj           100%       1d8       1%          1
b - Searing Ray           Conj           100%       2d8       1%          2
c - Dazzling Flash        Conj/Hex       100%       N/A       1%          3
d - Fulminant Prism       Conj/Hex       29%        3d13      2%          4
e - Lesser Beckoning      Tloc           100%       N/A       1%          2
f - Swiftness             Air            58%        N/A       1%          3
g - Anguish               Hex/Necr       29%        N/A       2%          4
h - Silence               Hex/Air        29%        N/A       6%          5
s - Slow                  Hex            100%       N/A       1%          1
x - Iskenderun's Mystic   Conj/Tloc      58%        2d12      2%          4
Your spell library was empty.

Dungeon Overview and Level Annotations

Branches:
Dungeon (11/15)            Temple (1/1) D:7            Lair (0/5) D:10
    Orc: D:9-12

Altars:
Ashenzari
Cheibriados
Dithmenos
Elyvilon
Fedhas
Gozag
Hepliaklqana
Makhleb
Nemelex Xobeh
Okawaru
Qazlal
Ru
Trog
Uskayaw
Wu Jian
Xom
Yredelemnul
Zin
The Shining One

Shops:
D:5 *

Annotations:
D:10 1 runed translucent door, tensugalgo's ghost, journeyman TrBe
D:11 Uckausch's ghost, novice TrBe


Innate Abilities, Weirdness & Mutations

Your life essence is reduced to manifest your ancestor. (-10% HP)
You are immune to sickness and miasma.
You are immune to poison.
Your flesh is very heat resistant. (rF++)
You are vulnerable to cold. (rC-)
You float through the air rather than walking.
You learn spells naturally, not from books.
Your magical power is your life essence.
You have superior vitality. (+4 MHP)


Message History

You regained 6 hp, and now have 78/80 hp.
Tlalli is recalled.
You take 2 damage, and have 76/80 hp.
You fly downwards.
Uckausch's ghost turns its malevolent gaze towards you.
The ten-headed hydra roars!
There is a stone staircase leading up here.
Press: ? - help, v - describe, . - travel, g - get item Item here: a transparent staff.
The floor.
You swap places.
Casting: Magic Dart (safe; 1% risk of failure)
Confirm with . or Enter, or press ? or * to list all spells.
Okay, then.
You swap places.
Casting: Magic Dart (safe; 1% risk of failure)
Confirm with . or Enter, or press ? or * to list all spells.
Aiming: Fulminant Prism (dangerous; 2% risk of failure)
Press: ? - help, Dir - move target You conjure a prism of explosive energy!
A fulminant prism comes into view.
You take 3 damage, and have 76/80 hp.
As you open the gate, it creaks loudly!
Tlalli closely misses Uckausch's ghost.
Your fulminant prism crackles loudly.
Casting: Fulminant Prism (dangerous; 2% risk of failure)
Confirm with . or Enter, or press ? or * to list all spells.
You erupt in a blast of force!
The mystic blast hits the ten-headed hydra!
The ten-headed hydra is knocked back by the mystic blast.
The mystic blast hits Uckausch's ghost.
Uckausch's ghost is knocked back by the mystic blast.
Tlalli avoids your attack. x2
The blast of energy engulfs the ten-headed hydra!!
You take 4 damage, and have 72/80 hp.
Casting: Iskenderun's Mystic Blast (dangerous; 2% risk of failure)
Confirm with . or Enter, or press ? or * to list all spells.
You erupt in a blast of force!
The mystic blast hits the ten-headed hydra!
The ten-headed hydra is knocked back by the mystic blast.
Tlalli avoids your attack.
You take 3 damage, and have 69/80 hp.
Casting: Iskenderun's Mystic Blast (dangerous; 2% risk of failure)
Confirm with . or Enter, or press ? or * to list all spells.
You erupt in a blast of force!
The mystic blast hits Uckausch's ghost!
Uckausch's ghost is knocked back by the mystic blast.
Tlalli avoids your attack.
The mystic blast hits the ten-headed hydra!
The ten-headed hydra is knocked back by the mystic blast.
You take 4 damage, and have 65/80 hp.
Casting: Iskenderun's Mystic Blast (dangerous; 2% risk of failure)
Confirm with . or Enter, or press ? or * to list all spells.
You miscast Iskenderun's Mystic Blast.
You are very lightly contaminated with residual magic.
Nothing appears to happen.
The ten-headed hydra closely misses you.
The ten-headed hydra bites you but does no damage. x2
The ten-headed hydra closely misses you.
The ten-headed hydra bites you but does no damage. x3
The ten-headed hydra completely misses you. x2
The ten-headed hydra bites you!
Uckausch's ghost crushes a nearby insect and laughs.
You take 12 damage, and have 53/80 hp.
Casting: Iskenderun's Mystic Blast (dangerous; 2% risk of failure)
Confirm with . or Enter, or press ? or * to list all spells.
You erupt in a blast of force!
The mystic blast hits the ten-headed hydra!!
The ten-headed hydra is knocked back by the mystic blast.
The ten-headed hydra collides with Tlalli!
Tlalli avoids your attack.
The mystic blast hits the ten-headed hydra!
The ten-headed hydra is knocked back by the mystic blast.
Tlalli barely misses Uckausch's ghost.
You take 3 damage, and have 50/80 hp.
Casting: Iskenderun's Mystic Blast (dangerous; 2% risk of failure)
Confirm with . or Enter, or press ? or * to list all spells.
You erupt in a blast of force!
The mystic blast hits the ten-headed hydra!
The ten-headed hydra bites you. The ten-headed hydra misses you.
The ten-headed hydra bites you but does no damage.
The ten-headed hydra bites you! x2
The ten-headed hydra completely misses you.
The ten-headed hydra barely misses you. The ten-headed hydra bites you!
* * * LOW HITPOINT WARNING * * *
The ten-headed hydra bites you!
* * * LOW HITPOINT WARNING * * *
The ten-headed hydra bites you but does no damage.
You take 40 damage, and have 10/80 hp.
MASSIVE DAMAGE!!
Casting: Iskenderun's Mystic Blast (dangerous; 2% risk of failure)
Confirm with . or Enter, or press ? or * to list all spells.
You erupt in a blast of force!
The mystic blast hits Uckausch's ghost but does no damage.
Tlalli avoids your attack.
The mystic blast hits the ten-headed hydra!!
* * * LOW HITPOINT WARNING * * *
The ten-headed hydra bites you but does no damage.
The ten-headed hydra bites you.
* * * LOW HITPOINT WARNING * * *
The ten-headed hydra barely misses you. The ten-headed hydra bites you!
You die...

...............
#...........##
#<.......# ##
#R..#...##♣♣P#
#...#.#.#...|♣#
#)..#.#.'...[.P
#)..#...'R.)..♣
....#.#.D.....♣
....+<.@#W...♣#
)...###.##(PP#
#....# ###
#.......#
#......../.
#............
+............
#.......#####
#.......#


You could see the friendly Tlalli the knight, a ten-headed hydra and Uckausch's
ghost (ally target).

Vanquished Creatures
  A hydra (D:11)
  2 death yaks (D:10)
  Joseph (D:8)
  3 trolls
  3 hornets
  2 wyverns (D:9)
  A shadow (D:10)
  4 yaks (D:10)
  Grum (D:8)
  3 water moccasins
  An acid dragon (D:9)
  3 orc warriors
  2 ice beasts
  A sky beast (D:8)
  4 wolves (D:8)
  3 centaurs
  2 bullfrogs (D:8)
  2 scorpions (D:6)
  3 wights (D:7)
  4 howler monkeys
  A jelly (D:7)
  A hound (D:5)
  A gnoll bouda (D:7)
  An orc priest (D:6)
  2 sleepcaps
  3 iguanas
  5 orc wizards
  A hell rat (D:10)
  6 adders
  14 gnolls
  2 shadow imps
  2 worms
  3 dart slugs
  32 orcs
  3 endoplasms
  6 giant cockroaches
  7 goblins
  8 hobgoblins
  8 jackals
  3 quokkas
  6 ball pythons
  6 bats
  4 frilled lizards
  6 kobolds
  4 rats
181 creatures vanquished.

Vanquished Creatures (collateral kills)
  A death yak (D:10)
  A gargoyle (D:10)
  A kobold demonologist (D:10)
  A hornet (D:10)
  An orc warrior (D:10)
  A howler monkey (D:9)
  An orc priest (D:8)
  3 orc wizards
  An orc (D:9)
11 creatures vanquished.

Vanquished Creatures (others)
  2 knights (D:10)
  9 fulminant prisms
11 creatures vanquished.

Grand Total: 203 creatures vanquished

Notes
Turn   | Place    | Note
-------+----------+-------------------------------------------
     0 | D:1      | IndexError the Djinni Conjurer began the quest for the Orb.
     0 | D:1      | IndexError set off with the following spells memorised:
                  | Magic Dart, Searing Ray, Dazzling Flash, Fulminant Prism,
                  | Iskenderun's Mystic Blast.
     0 | D:1      | Reached XP level 1. HP: 15/15 MP: 0/0
    24 | D:1      | You are sucked into a shaft and drop 1 floor!
    73 | D:2      | Identified the +6 short sword of a Billion Gods {flame,
                  | Str+4}
   129 | D:2      | Reached skill level 1 in Fighting
   129 | D:2      | Reached XP level 2. HP: 17/22 MP: 0/0
   261 | D:2      | Reached XP level 3. HP: 24/27 MP: 0/0
   261 | D:2      | Learned a level 1 spell: Slow
   896 | D:1      | Reached skill level 2 in Fighting
  1090 | D:1      | Reached XP level 4. HP: 31/33 MP: 0/0
  1397 | D:2      | Reached skill level 4 in Spellcasting
  1397 | D:2      | Reached skill level 4 in Conjurations
  1397 | D:2      | Reached skill level 4 in Hexes
  1397 | D:2      | Reached skill level 4 in Summonings
  1397 | D:2      | Reached skill level 4 in Necromancy
  1397 | D:2      | Reached skill level 4 in Translocations
  1397 | D:2      | Reached skill level 4 in Transmutations
  1397 | D:2      | Reached skill level 4 in Fire Magic
  1397 | D:2      | Reached skill level 4 in Ice Magic
  1397 | D:2      | Reached skill level 4 in Air Magic
  1397 | D:2      | Reached skill level 4 in Earth Magic
  1397 | D:2      | Reached skill level 4 in Poison Magic
  2244 | D:3      | Reached XP level 5. HP: 37/39 MP: 0/0
  2244 | D:3      | Learned a level 2 spell: Lesser Beckoning
  2273 | D:3      | Found a faded altar of an unknown god.
  2364 | D:3      | Found an ornate altar of the Wu Jian Council.
  2498 | D:3      | Identified the +6 spear of Gehe {elec, Fly rElec Int+4}
  2874 | D:4      | Reached skill level 3 in Fighting
  2954 | D:4      | Found a glowing silver altar of Zin.
  3191 | D:4      | Found a basalt altar of Yredelemnul.
  3346 | D:4      | HP: 4/40 [gnoll/+2 halberd of protection (9)]
  3530 | D:4      | Reached XP level 6. HP: 40/46 MP: 0/0
  3682 | D:4      | Upgraded the game from 0.31-a0-667-g39726597b9 to
                  | 0.31-a0-675-g238779eb0a
  3708 | D:5      | Entered Level 5 of the Dungeon
  3821 | D:4      | Reached skill level 4 in Fighting
  4026 | D:5      | Found a stormy altar of Qazlal.
  4121 | D:5      | Noticed an ice beast
  4216 | D:5      | Found Xotoz's Mayhem Merchandise.
  4274 | D:5      | Killed an ice beast
  4275 | D:5      | Reached skill level 5 in Spellcasting
  4275 | D:5      | Reached skill level 5 in Conjurations
  4275 | D:5      | Reached skill level 5 in Hexes
  4275 | D:5      | Reached skill level 5 in Summonings
  4275 | D:5      | Reached skill level 5 in Necromancy
  4275 | D:5      | Reached skill level 5 in Translocations
  4275 | D:5      | Reached skill level 5 in Transmutations
  4275 | D:5      | Reached skill level 5 in Fire Magic
  4275 | D:5      | Reached skill level 5 in Ice Magic
  4275 | D:5      | Reached skill level 5 in Air Magic
  4275 | D:5      | Reached skill level 5 in Earth Magic
  4275 | D:5      | Reached skill level 5 in Poison Magic
  4275 | D:5      | Reached XP level 7. HP: 46/53 MP: 0/0
  4275 | D:5      | Learned a level 3 spell: Swiftness
  4948 | D:6      | Identified the +1 ring mail of Bibiorphe {rElec rPois}
  5065 | D:6      | Reached skill level 5 in Fighting
  5730 | D:6      | Reached XP level 8. HP: 53/60 MP: 0/0
  5782 | D:6      | Reached skill level 6 in Fighting
  6036 | D:7      | Noticed a hornet
  6042 | D:7      | Killed a hornet
  6043 | D:7      | Reached skill level 6 in Spellcasting
  6043 | D:7      | Reached skill level 6 in Conjurations
  6043 | D:7      | Reached skill level 6 in Hexes
  6043 | D:7      | Reached skill level 6 in Summonings
  6043 | D:7      | Reached skill level 6 in Necromancy
  6043 | D:7      | Reached skill level 6 in Translocations
  6043 | D:7      | Reached skill level 6 in Transmutations
  6043 | D:7      | Reached skill level 6 in Fire Magic
  6043 | D:7      | Reached skill level 6 in Ice Magic
  6043 | D:7      | Reached skill level 6 in Air Magic
  6043 | D:7      | Reached skill level 6 in Earth Magic
  6043 | D:7      | Reached skill level 6 in Poison Magic
  6568 | D:7      | Found a staircase to the Ecumenical Temple.
  6760 | D:7      | Reached skill level 7 in Fighting
  6870 | Temple   | Entered the Ecumenical Temple
  6878 | Temple   | Became a worshipper of Hepliaklqana the Forgotten
  7064 | D:7      | Reached XP level 9. HP: 66/68 MP: 0/0
  7064 | D:7      | Learned a level 4 spell: Anguish
  7397 | D:7      | Found a bloodstained altar of Trog.
  7706 | D:8      | Noticed Joseph
  7722 | D:8      | HP: 8/68 [Joseph/+0 quarterstaff (11)]
  7725 | D:8      | Killed Joseph
  7726 | D:8      | Reached skill level 8 in Fighting
  7726 | D:8      | Reached skill level 7 in Spellcasting
  7726 | D:8      | Reached skill level 7 in Conjurations
  7726 | D:8      | Reached skill level 7 in Hexes
  7726 | D:8      | Reached skill level 7 in Summonings
  7726 | D:8      | Reached skill level 7 in Necromancy
  7726 | D:8      | Reached skill level 7 in Translocations
  7726 | D:8      | Reached skill level 7 in Transmutations
  7726 | D:8      | Reached skill level 7 in Fire Magic
  7726 | D:8      | Reached skill level 7 in Ice Magic
  7726 | D:8      | Reached skill level 7 in Air Magic
  7726 | D:8      | Reached skill level 7 in Earth Magic
  7726 | D:8      | Reached skill level 7 in Poison Magic
  8195 | D:8      | Reached * piety under Hepliaklqana
  8317 | D:8      | Noticed Grum
  8324 | D:8      | Killed Grum
  8329 | D:8      | Reached skill level 9 in Fighting
  8427 | D:8      | Reached XP level 10. HP: 37/70 MP: 0/0
  9105 | D:8      | Reached skill level 8 in Spellcasting
  9105 | D:8      | Reached skill level 8 in Conjurations
  9105 | D:8      | Reached skill level 8 in Hexes
  9105 | D:8      | Reached skill level 8 in Summonings
  9105 | D:8      | Reached skill level 8 in Necromancy
  9105 | D:8      | Reached skill level 8 in Translocations
  9105 | D:8      | Reached skill level 8 in Transmutations
  9105 | D:8      | Reached skill level 8 in Fire Magic
  9105 | D:8      | Reached skill level 8 in Ice Magic
  9105 | D:8      | Reached skill level 8 in Air Magic
  9105 | D:8      | Reached skill level 8 in Earth Magic
  9105 | D:8      | Reached skill level 8 in Poison Magic
  9488 | D:9      | Reached skill level 10 in Fighting
  9624 | D:9      | HP: 17/72 [acid dragon (6)]
  9882 | D:9      | Reached ** piety under Hepliaklqana
 10247 | D:9      | Remembered your ancestor Tlalli as a knight
 10275 | D:10     | Entered Level 10 of the Dungeon
 10631 | D:10     | Noticed a gargoyle
 10800 | D:10     | Noticed a kobold demonologist
 10807 | D:10     | Noticed a soul eater
 10807 | D:10     | Killed a kobold demonologist
 10808 | D:10     | Reached skill level 11 in Fighting
 10808 | D:10     | Reached skill level 9 in Spellcasting
 10808 | D:10     | Reached skill level 9 in Conjurations
 10808 | D:10     | Reached skill level 9 in Hexes
 10808 | D:10     | Reached skill level 9 in Summonings
 10808 | D:10     | Reached skill level 9 in Necromancy
 10808 | D:10     | Reached skill level 9 in Translocations
 10808 | D:10     | Reached skill level 9 in Transmutations
 10808 | D:10     | Reached skill level 9 in Fire Magic
 10808 | D:10     | Reached skill level 9 in Ice Magic
 10808 | D:10     | Reached skill level 9 in Air Magic
 10808 | D:10     | Reached skill level 9 in Earth Magic
 10808 | D:10     | Reached skill level 9 in Poison Magic
 10866 | D:10     | Killed a gargoyle
 10867 | D:10     | Reached XP level 11. HP: 71/78 MP: 0/0
 10867 | D:10     | Learned a level 5 spell: Silence
 10963 | D:10     | Found a runed translucent door.
 10963 | D:10     | Found a shimmering altar of Xom.
 10963 | D:10     | Noticed a +2 morningstar of chaos
 10963 | D:10     | Noticed tensugalgo's ghost (journeyman TrBe)
 11005 | D:10     | Noticed a death yak
 11011 | D:10     | Noticed a death yak
 11015 | D:10     | Killed a death yak
 11019 | D:10     | Killed a death yak
 11020 | D:10     | Noticed a death yak
 11057 | D:10     | Killed a death yak
 11229 | D:10     | Found a staircase to the Lair.
 11511 | D:10     | Reached skill level 12 in Fighting
 11896 | D:11     | Noticed Uckausch's ghost (novice TrBe)
 11896 | D:11     | Noticed a ten-headed hydra
 11896 | D:11     | Found a runed translucent gate.
 11896 | D:11     | Found a runed translucent gate.
 11896 | D:11     | Noticed a ten-headed hydra
 11897 | D:11     | Found a runed translucent gate.
 11911 | D:11     | Killed a ten-headed hydra
 11912 | D:11     | HP: 19/80 [ten-headed hydra (8)]
 11913 | D:11     | HP: 2/80 [ten-headed hydra (4)]
 11913 | D:11     | Mangled by a ten-headed hydra

Illustrated notes

Levels and vault maps discovered:
D:1:      heliophobic_arrival_glass_houses, layout_loops_corners, serial_rivers,
          chequers_serial_rivers_micro_b, chequers_serial_rivers_marsh,
          chequers_serial_rivers_room_a, chequers_serial_rivers_large_b,
          chequers_serial_rivers_large_a
D:2:      layout_basic, skrybe_limestone_x
D:3:      layout_basic, mainiacjoe_overflow_alcove_2, basic_ecumenical_altar,
          minmay_door_square
D:4:      layout_basic, mainiacjoe_overflow_chevrons, kennysheep_little_box
D:5:      layout_basic, mainiacjoe_overflow_cross_hatched,
          chequers_serial_rivers_marsh, minmay_shop_mayhem
D:6:      layout_loops_corners, kennysheep_generic_room_15
D:7:      layout_basic, marbit_many_paths, minmay_temple_entry_fiery
D:8:      layout_basic, uniq_grum, uniq_joseph
D:9:      layout_small_grid, minmay_misc_feat_columns
D:10:     layout_gridville, dpeg_lair_monsters, ebering_ghost_xom
D:11:     layout_basic, gammafunk_ghost_hydra_chop,
          pdpol_wu_jian_five_deadly_venoms
Temple:   nicolae_temple_bog_church

Skill      XL: |  1  2  3  4  5  6  7  8  9 10 11 |
---------------+----------------------------------+-----
Fighting       | 1 2 3 4 5 7 9 11 12 | 12.2
Spellcasting   | 4 5 6 7 9 |  9.9
Conjurations   | 4 5 6 7 9 |  9.9
Hexes          | 4 5 6 7 9 |  9.9
Summonings     | 4 5 6 7 9 |  9.9
Necromancy     | 4 5 6 7 9 |  9.9
Translocations | 4 5 6 7 9 |  9.9
Transmutations | 4 5 6 7 9 |  9.9
Fire Magic     | 4 5 6 7 9 |  9.9
Ice Magic      | 4 5 6 7 9 |  9.9
Air Magic      | 4 5 6 7 9 |  9.9
Earth Magic    | 4 5 6 7 9 |  9.9
Poison Magic   | 4 5 6 7 9 |  9.9
Dodging        | |  2.1
Stealth        | |  1.5

Action                     |  1- 3 |  4- 6 |  7- 9 | 10-12 || total
---------------------------+-------+-------+-------+-------++-------
  Melee: Short sword       |    14 |    19 |       |     2 ||    35
   Cast: Magic Dart        |    56 |   109 |    39 |    74 ||   278
         Searing Ray       |       |    11 |    51 |    31 ||    93
         Fulminant Prism   |       |       |       |     9 ||     9
         Iskenderun's Myst |       |       |       |    14 ||    14
 Invoke: Ancestor Life: Kn |       |       |       |     1 ||     1
         Ancestor Identity |       |       |       |     1 ||     1
         Recall Ancestor   |       |       |       |     1 ||     1
   Stab: Sleeping          |     1 |     1 |       |       ||     2
 Armour: Robe              |     7 |    10 |       |       ||    17
         Ring mail         |       |    24 |    49 |    55 ||   128
  Dodge: Dodged            |     8 |    24 |    35 |    31 ||    98

Table legend: (Time is in decaauts)
 A = Elapsed time spent in this place.
 B = Non-inter-level travel time spent in this place.
 C = Inter-level travel time spent in this place.
 D = Time resting spent in this place.
 E = Time spent auto-exploring this place.
 F = Levels seen in this place.
 G = Mean time per level.
                   A        B        C        D        E       F      G
               +--------+--------+--------+--------+--------+-----+--------+
         Total |  11924 |  10878 |   1046 |    173 |   9506 |  12 |  993.7 |
       Dungeon |  11904 |  10872 |   1032 |    173 |   9506 |  11 | 1082.2 |
        Temple |     19 |      5 |     14 |      0 |      0 |   1 |   19.0 |
               +--------+--------+--------+--------+--------+-----+--------+

Top non-repeatable levels by time:
     D:8: 1850 daAuts
    D:10: 1556 daAuts
     D:7: 1525 daAuts
     D:6: 1251 daAuts
     D:1: 1138 daAuts
     D:4: 997 daAuts
     D:5: 916 daAuts
     D:9: 912 daAuts
     D:2: 878 daAuts
     D:3: 849 daAuts
    D:11: 27 daAuts
  Temple: 19 daAuts

Levels and vault maps discovered:
D:1:      heliophobic_arrival_glass_houses, layout_loops_corners, serial_rivers,
          chequers_serial_rivers_micro_b, chequers_serial_rivers_marsh,
          chequers_serial_rivers_room_a, chequers_serial_rivers_large_b,
          chequers_serial_rivers_large_a
D:2:      layout_basic, skrybe_limestone_x
D:3:      layout_basic, mainiacjoe_overflow_alcove_2, basic_ecumenical_altar,
          minmay_door_square
D:4:      layout_basic, mainiacjoe_overflow_chevrons, kennysheep_little_box
D:5:      layout_basic, mainiacjoe_overflow_cross_hatched,
          chequers_serial_rivers_marsh, minmay_shop_mayhem
D:6:      layout_loops_corners, kennysheep_generic_room_15
D:7:      layout_basic, marbit_many_paths, minmay_temple_entry_fiery
D:8:      layout_basic, uniq_grum, uniq_joseph
D:9:      layout_small_grid, minmay_misc_feat_columns
D:10:     layout_gridville, dpeg_lair_monsters, ebering_ghost_xom
D:11:     layout_basic, gammafunk_ghost_hydra_chop,
          pdpol_wu_jian_five_deadly_venoms
Temple:   nicolae_temple_bog_church

Table legend: (Time is in decaauts)
 A = Elapsed time spent in this place.
 B = Non-inter-level travel time spent in this place.
 C = Inter-level travel time spent in this place.
 D = Time resting spent in this place.
 E = Time spent auto-exploring this place.
 F = Levels seen in this place.
 G = Mean time per level.
                   A        B        C        D        E       F      G
               +--------+--------+--------+--------+--------+-----+--------+
         Total |  11924 |  10878 |   1046 |    173 |   9506 |  12 |  993.7 |
       Dungeon |  11904 |  10872 |   1032 |    173 |   9506 |  11 | 1082.2 |
        Temple |     19 |      5 |     14 |      0 |      0 |   1 |   19.0 |
               +--------+--------+--------+--------+--------+-----+--------+

Top non-repeatable levels by time:
     D:8: 1850 daAuts
    D:10: 1556 daAuts
     D:7: 1525 daAuts
     D:6: 1251 daAuts
     D:1: 1138 daAuts
     D:4: 997 daAuts
     D:5: 916 daAuts
     D:9: 912 daAuts
     D:2: 878 daAuts
     D:3: 849 daAuts
    D:11: 27 daAuts
  Temple: 19 daAuts

Table legend:
 A = Kills in this place as a percentage of kills in the entire game.
 B = Kills by you in this place as a percentage of kills by you in the entire game.
 C = Kills by friends in this place as a percentage of kills by friends in the entire game.
 D = Other kills in this place as a percentage of other kills in the entire game.
 E = Experience gained in this place as a percentage of experience gained in the entire game.
 F = Experience gained in this place divided by the number of levels of this place that you have seen.
                   A       B       C       D       E      F
               +-------+-------+-------+-------+-------+----------------------
         Total | 100.0 | 100.0 | 100.0 |   N/A | 100.0 | 1049.8
       Dungeon | 100.0 | 100.0 | 100.0 |   N/A | 100.0 | 1145.3
               +-------+-------+-------+-------+-------+----------------------
